 Dungeon Crawl Stone Soup version 0.27-a0-1595-g0b823d0a13 (webtiles) character file.

Game seed: 16647154731085240284

88 Gwenloh the Chopper (level 4, -4/38 HPs)
             Began as a Minotaur Gladiator on July 20, 2021.
             Killed from afar by Sigmund (7 damage)
             ... with a puff of flame
             ... on level 2 of the Dungeon.
             The game lasted 00:03:24 (1757 turns).

Gwenloh the Chopper (Minotaur Gladiator)            Turns: 1757, Time: 00:03:24

Health: -4/38      AC:  6    Str: 19    XL:     4   Next: 30%
Magic:  3/3        EV: 12    Int:  5    God:
Gold:   81         SH:  0    Dex: 12    Spells: 3/3 levels left

rFire    . . .     SeeInvis .   a - +0 war axe
rCold    . . .     Faith    .   (no shield)
rNeg     . . .     Spirit   .   j - +0 ring mail
rPois    .         Reflect  .   c - +0 hat
rElec    .         Harm     .   p - +0 cloak
rCorr    .         Rampage  .   (no gloves)
Will     .....                  (no boots)
Stlth    +.........             (no amulet)
HPRegen  0.12/turn              (no ring)
MPRegen  0.08/turn              (no ring)

@: no status effects
A: horns 2, retaliatory headbutt
a: no special abilities


You were on level 2 of the Dungeon.
You visited 1 branch of the dungeon, and saw 2 of its levels.

You collected 81 gold pieces.

Inventory:

Hand Weapons
 a - a +0 war axe (weapon)
Missiles
 d - 3 throwing nets
 e - 7 stones
 m - 3 atropa-tipped darts (quivered)
Armour
 b - a +0 leather armour
 c - a +0 hat (worn)
 f - a +0 chain mail
 j - a +0 ring mail (worn)
 p - a +0 cloak (worn)
Scrolls
 h - a scroll of identify {unknown}
 k - a scroll of magic mapping {unknown}
 l - 2 scrolls of teleportation {unknown}
 n - a scroll of noise {unknown}
 o - a scroll of fear {unknown}
Potions
 g - a potion of lignification {unknown}
 i - a potion of flight {unknown}
 q - a potion of might {unknown}


   Skills:
 + Level 3.3 Fighting
 * Level 5.0 Axes
 - Level 2.0 Throwing
 + Level 1.2 Armour
 - Level 4.0 Dodging


You had 3 spell levels left.
You didn't know any spells.
Your spell library was empty.

Dungeon Overview and Level Annotations

Branches:
Dungeon (2/15)

Altars:

Annotations:
D:2 Sigmund


Innate Abilities, Weirdness & Mutations

You have a pair of horns on your head.
You reflexively headbutt those who attack you in melee.


Message History

You now have 81 gold pieces (gained 14).
m - 5 atropa-tipped darts (gained 1) Throw: 5 darts (atropa)
Press: ? - help, Q - select action, (/) - cycle Shift-Dir - straight line, f - Sigmund
Aim: Sigmund, wielding a +0 scythe, wearing a +0 robe and carrying a wand of flame (14) (55% to hit, chance to blind on hit: 80%)
You throw an atropa-tipped dart.
The atropa-tipped dart barely misses Sigmund.
Throw: 4 darts (atropa)
Press: ? - help, Q - select action, (/) - cycle Shift-Dir - straight line, f/p - Sigmund
Aim: Sigmund, wielding a +0 scythe, wearing a +0 robe and carrying a wand of flame (14) (55% to hit, chance to blind on hit: 80%)
You throw an atropa-tipped dart. The atropa-tipped dart hits Sigmund.
Sigmund appears confused.
Sigmund seems less confused.
You see here a scroll labelled RIFRIE BUNAQIT.
You see here a scroll labelled RIFRIE BUNAQIT.
l - 2 scrolls labelled RIFRIE BUNAQIT (gained 1) Sigmund is no longer blind.
Sigmund casts a spell at you. The puff of flame hits you!
You slash Sigmund!
Sigmund is moderately wounded.
Sigmund points at you and mumbles some strange words.
The puff of flame hits you.
You slash Sigmund!
Sigmund is heavily wounded.
Sigmund gestures at you while chanting.
You are confused.
You're too confused to move!
Sigmund hits you with a +0 scythe! Sigmund hits you with a +0 scythe.
* * * LOW HITPOINT WARNING * * *
Sigmund closely misses you.
You bump into the rock wall.
Sigmund closely misses you.
You feel less confused. Sigmund hits you with a +0 scythe!
* * * LOW HITPOINT WARNING * * *
You hit Sigmund.
Sigmund is heavily wounded.
Sigmund casts a spell at you. The puff of flame hits you!
You die...

.....# #.......#
####.########.......#
# #........#.......#
# #........#.....<.#
# #........#.......#
# #........#.......#
###'###########'##.##
#>..........@........
#..........@.((......
#############.##.....
### #.# ##### #.. #.#
#.# #.# #.# #.# #.#
#.# #.#


You could see Sigmund.

Vanquished Creatures
  3 adders (D:2)
  2 dart slugs
  4 worms (D:2)
  5 bats
  2 endoplasms
  A giant cockroach (D:1)
  2 goblins
  5 hobgoblins
  7 jackals (D:1)
  5 kobolds (D:1)
  5 ball pythons (D:1)
  4 rats
45 creatures vanquished.

Notes
Turn   | Place    | Note
-------+----------+-------------------------------------------
     0 | D:1      | Gwenloh the Minotaur Gladiator began the quest for the Orb.
     0 | D:1      | Reached XP level 1. HP: 18/18 MP: 0/0
   300 | D:1      | Reached skill level 4 in Axes
   300 | D:1      | Reached XP level 2. HP: 25/25 MP: 1/1
   823 | D:1      | Reached XP level 3. HP: 30/30 MP: 2/2
  1011 | D:1      | Found a faded altar of an unknown god.
  1112 | D:2      | Noticed Sigmund
  1174 | D:2      | Reached skill level 1 in Armour
  1382 | D:2      | Reached XP level 4. HP: 38/38 MP: 3/3
  1702 | D:2      | Reached skill level 5 in Axes
  1757 | D:2      | Killed from afar by Sigmund

Illustrated notes

Levels and vault maps discovered:
D:1:      mrwooster_arrival_statue, layout_loops_ring,
          shapermc_ecumenical_altar_mp_highgroup
D:2:      layout_basic, uniq_sigmund

Skill      XL: |  1  2  3  4 |
---------------+-------------+-----
Axes           | 4 5 |  5.0
Fighting       | 3 |  3.3
Armour         | 1 |  1.2
Dodging        | 4 |  4.0
Throwing       | |  2.0

Action                   |  1- 3 |  4- 6 || total
-------------------------+-------+-------++-------
Melee: War axe           |    65 |    16 ||    81
       Headbutt          |     4 |     3 ||     7
Throw: Stone             |    57 |    30 ||    87
       Dart              |     3 |     2 ||     5
Armor: Leather armour    |    13 |       ||    13
       Ring mail         |    18 |     1 ||    19
Dodge: Dodged            |    34 |     8 ||    42

Table legend: (Time is in decaauts)
 A = Elapsed time spent in this place.
 B = Non-inter-level travel time spent in this place.
 C = Inter-level travel time spent in this place.
 D = Time resting spent in this place.
 E = Time spent auto-exploring this place.
 F = Levels seen in this place.
 G = Mean time per level.
                   A        B        C        D        E       F      G
               +--------+--------+--------+--------+--------+-----+--------+
         Total |   1779 |   1697 |     82 |    145 |   1223 |   2 |  889.5 |
       Dungeon |   1779 |   1697 |     82 |    145 |   1223 |   2 |  889.5 |
               +--------+--------+--------+--------+--------+-----+--------+

Top non-repeatable levels by time:
     D:1: 1143 daAuts
     D:2: 636 daAuts
